 Dungeon Crawl Stone Soup version 0.21.1 (webtiles) character file.

1272 tidbits the Insei (level 8, 0/90 HPs)
             Began as a Gnoll Transmuter on Feb 3, 2018.
             Was a Follower of Cheibriados.
             Slain by an orc warrior
             ... wielding a +0 hand axe
              (9 damage)
             ... on level 7 of the Dungeon.
             The game lasted 00:17:32 (1838 turns).

tidbits the Insei (Gnoll Transmuter)                Turns: 1838, Time: 00:17:33

Health: 0/90       AC: 24    Str: 16    XL:     8   Next: 53%
Magic:  14/17      EV:  2    Int: 21    God:    Cheibriados [*.....]
Gold:   211        SH:  0    Dex: 18    Spells: 6/19 levels left

rFire    . . .     SeeInvis .     - Unarmed
rCold    . . .     Gourm    +   (no shield)
rNeg     + + +     Faith    .   (armour currently unavailable)
rPois    +         Spirit   .   (helmet currently unavailable)
rElec    .         Reflect  .   (cloak currently unavailable)
rCorr    .         Harm     .   (gloves currently unavailable)
MR       .....     NoTele   +   (boots currently unavailable)
Stlth    +++.......             i - amulet of the gourmand
HPRegen  0.25/turn              (no ring)
MPRegen  0.15/turn              (no ring)

@: tree-form, very slow
A: distributed training, strong nose
a: Bend Time, Renounce Religion


You were on level 7 of the Dungeon.
You worshipped Cheibriados.
Cheibriados was aware of your devotion.
You were not hungry.
You were a tree.
You visited 2 branches of the dungeon, and saw 8 of its levels.

You collected 211 gold pieces.

Inventory:

Hand Weapons
 f - a +0 vampiric short sword
   (You found it on level 1 of the Dungeon)
 g - a +1 dagger
 j - a cursed -2 long sword
 m - a +0 hunting sling
Missiles
 a - 50 arrows
 t - 4 poisoned tomahawks (quivered)
Armour
 b - a +0 robe (melded)
 e - a +0 ring mail
Magical Staves
 s - an uncursed staff of wizardry {unknown}
   (You found it on level 5 of the Dungeon)
Jewellery
 i - an amulet of the gourmand (around neck)
   (You found it on level 2 of the Dungeon)
Wands
 p - a wand of acid (2)
 w - a wand of disintegration (12)
Scrolls
 k - 2 scrolls of teleportation
 n - 2 scrolls of fear
 q - a scroll of random uselessness {unknown}
 r - 2 scrolls of remove curse
Potions
 l - 2 potions of lignification
 u - 2 potions of heal wounds
 v - 2 potions of haste
 x - a potion of might {unknown}
Books
 c - a book of Changes

   Spells                             Type                      Level
   a - Beastly Appendage              Transmutation                1
   b - Sticks to Snakes               Transmutation                2
   c - Spider Form                    Transmutation/Poison         3
   d - Ice Form                       Ice/Transmutation            4
   e - Blade Hands                    Transmutation                5
 h - a book of Minor Magic
   (You found it on level 3 of the Dungeon)

   Spells                             Type                      Level
   a - Magic Dart                     Conjuration                  1
   b - Blink                          Translocation                2
   c - Call Imp                       Summoning                    2
   d - Slow                           Hexes                        2
   e - Conjure Flame                  Conjuration/Fire             3
   f - Mephitic Cloud                 Conjuration/Poison/Air       3
Comestibles
 d - 9 rations


   Skills:
 + Level 4.2 Fighting
 + Level 3.3 Short Blades
 + Level 3.3 Long Blades
 + Level 3.3 Axes
 + Level 3.3 Maces & Flails
 + Level 3.3 Polearms
 + Level 3.3 Staves
 + Level 3.3 Slings
 + Level 3.3 Bows
 + Level 3.3 Crossbows
 + Level 3.3 Throwing
 + Level 3.3 Armour
 + Level 5.7 Dodging
 + Level 3.3 Stealth
 + Level 3.3 Shields
 + Level 7.4 Unarmed Combat
 + Level 6.0 Spellcasting
 + Level 2.6 Conjurations
 + Level 2.6 Hexes
 + Level 2.6 Charms
 + Level 2.6 Summonings
 + Level 2.6 Necromancy
 + Level 2.6 Translocations
 + Level 4.7 Transmutations
 + Level 2.6 Fire Magic
 + Level 2.6 Ice Magic
 + Level 2.6 Air Magic
 + Level 2.6 Earth Magic
 + Level 2.6 Poison Magic
 + Level 3.6 Invocations
 + Level 3.3 Evocations


You had 6 spell levels left.
You knew the following spells:

 Your Spells              Type           Power        Failure   Level  Hunger
e - Beastly Appendage     Tmut           ####..       1%          1    None
i - Ice Form              Ice/Tmut       ###.....     22%         4    ####...
k - Sticks to Snakes      Tmut           ####....     1%          2    None
m - Mephitic Cloud        Conj/Pois/Air  ###.....     10%         3    ##.....
p - Spider Form           Tmut/Pois      ###.......   6%          3    ##.....


Dungeon Overview and Level Annotations

Branches:
Dungeon (7/15)             Temple (1/1) D:4

Altars:
Cheibriados
Dithmenos
Gozag
Kikubaaqudgha
Makhleb
Nemelex Xobeh
Ru
Uskayaw
The Shining One


Innate Abilities, Weirdness & Mutations

Your experience applies equally to all skills.
((You have very sharp teeth.))
Your uncanny sense of smell can sniff out nearby items.


Message History

The orc wizard shouts!
You turn into a tree.
Your +0 robe melds into your body.
Your roots penetrate the ground.
The orc warrior hits you with a hand axe.
* * * LOW HITPOINT WARNING * * *
Casting: Sticks to Snakes
Confirm with . or Enter, or press ? or * to list all spells.
You create 2 snakes!
You now have 50 arrows.
You feel sick.
The orc warrior hits you with a hand axe!
* * * LOW HITPOINT WARNING * * *
The orc wizard casts a spell at you. The puff of flame hits you!
* * * LOW HITPOINT WARNING * * *
You hit the orc warrior but do no damage.
You punch the orc warrior, but do no damage.
The orc warrior hits you but does no damage.
You barely miss the orc wizard. You closely miss the orc wizard.
Your ball python barely misses the orc wizard.
Your ball python closely misses the orc wizard.
The orc warrior hits you with a hand axe.
* * * LOW HITPOINT WARNING * * *
The orc warrior barely misses your adder.
The orc wizard hits you but does no damage.
Your adder bites the orc warrior but does no damage.
You barely miss the orc wizard. Your punch misses the orc wizard.
You feel sick.
Your ball python barely misses the orc wizard. x2
The orc wizard hits you but does no damage.
The orc warrior completely misses your adder.
The orc warrior hits you but does no damage.
Your adder bites the orc warrior but does no damage.
You closely miss the orc warrior.
Your ball python barely misses the orc wizard.
Your ball python grabs the orc wizard.
Your ball python constricts the orc wizard.
The orc priest casts a cantrip, but nothing happens.
The orc wizard hits you but does no damage.
The orc warrior hits you but does no damage.
The orc warrior hits your adder but does no damage.
Your adder barely misses the orc warrior.
You hit the orc warrior.
The orc warrior is lightly wounded.
Your ball python bites the orc wizard.
Your ball python constricts the orc wizard.
The orc priest invokes the aid of Beogh against you.
Beogh smites you!
* * * LOW HITPOINT WARNING * * *
Your adder bites the orc warrior.
The orc wizard hits you but does no damage.
Unknown command.
Wield which item (- for none, * to show all)? (? for menu, Esc to quit)
You are now empty-handed.
The orc warrior misses your adder.
The orc warrior hits you but does no damage.
Your ball python bites the orc wizard but does no damage.
Your ball python constricts the orc wizard.
You smack the orc wizard!
You kill the orc wizard!
Cheibriados thoroughly appreciates the change of pace.
Cheibriados raises the support of your attributes as your movement slows.
Your adder bites the orc warrior but does no damage.
You feel better.
Your adder bites the orc warrior but does no damage.
The orc warrior hits you with a hand axe.
* * * LOW HITPOINT WARNING * * *
The orc warrior misses your adder.
Your ball python bites the orc priest.
Your ball python closely misses the orc priest.
The orc priest hits you but does no damage.
Your adder bites the orc warrior but does no damage.
You hit the orc priest.
The orc priest is moderately wounded.
Your ball python closely misses the orc priest.
Your ball python grabs the orc priest.
Your ball python constricts the orc priest.
The orc warrior hits you with a hand axe.
* * * LOW HITPOINT WARNING * * *
The orc warrior hits your adder with a hand axe!
Your adder dies!
The orc priest calls upon Beogh to heal the orc warrior.
The orc warrior's wounds heal themselves!
You hit the orc priest.
The orc priest is severely wounded.
Your ball python bites the orc priest but does no damage.
Your ball python constricts the orc priest.
The orc warrior hits you but does no damage.
The orc priest invokes the aid of Beogh against your ball python.
Your ball python writhes in agony!
You strike the helpless orc priest from behind!
You pummel the orc priest!!
You kill the orc priest!
Cheibriados appreciates the change of pace.
The orc warrior barely misses you.
The orc warrior closely misses your ball python.
You hit the orc warrior.
The orc warrior is lightly wounded.
Your ball python bites the orc warrior but does no damage.
Your ball python grabs the orc warrior.
Your ball python constricts the orc warrior.
The orc warrior hits you with a hand axe!
You die...

.##.#................%.
#.....#........####..
##....#........#..#.#.
...##.#......_.#..#...
.#..##.....#....#((#...
.......#.###....####..
.........##.$.......o.
∆ ###.... ........So#
##..> ........♣.#
..........# ..#.......#
..........##########
...........†.......$
..###.....########## ..
#..........#..<##
#.#.............##
#.#.......(....[.#


You could see an orc warrior, 2 dancing weapons and a friendly ball python.

Vanquished Creatures
  Grinder (D:6)
  The ghost of hpc the Chopper, an amateur MiFi (D:4)
  The ghost of Stimme the Chopper, an amateur HOFi (D:3)
  Eustachio (D:5)
  A phantom (D:7)
  A bullfrog (D:7)
  2 orc priests
  A centaur skeleton (D:5)
  A bullfrog skeleton (D:7)
  2 jellies (D:5)
  2 orc wizards
  Ijyb (D:5)
  3 worker ants
  2 gnolls
  4 adders
  A shadow imp (D:5)
  An ooze (D:3)
  3 adder skeletons
  2 leopard geckos (D:4)
  3 orcs
  2 goblins
  A hobgoblin (D:2)
  8 jackals (D:4)
  A kobold (D:1)
  3 quokkas
  3 ball pythons
  5 bats (D:2)
  3 frilled lizards
  A giant cockroach zombie (D:5)
  A jackal skeleton (D:7)
  A quokka skeleton (D:5)
  4 rats
67 creatures vanquished.

Vanquished Creatures (collateral kills)
  A necrophage (D:6)
  An adder (D:4)
2 creatures vanquished.

Grand Total: 69 creatures vanquished

Notes
Turn   | Place    | Note
-------+----------+-------------------------------------------
     0 | D:1      | tidbits the Gnoll Transmuter began the quest for the Orb.
     0 | D:1      | Reached XP level 1. HP: 17/17 MP: 6/6
   176 | D:3      | Found an opulent altar of Gozag.
   177 | D:3      | Found a glowing golden altar of the Shining One.
   356 | D:2      | Reached XP level 2. HP: 13/23 MP: 5/7
   368 | D:2      | Learned a level 2 spell: Sticks to Snakes
   534 | D:3      | Noticed Stimme's ghost (amateur HOFi)
   554 | D:3      | Killed Stimme's ghost
   554 | D:3      | Reached skill level 1 in Short Blades
   554 | D:3      | Reached skill level 1 in Long Blades
   554 | D:3      | Reached skill level 1 in Axes
   554 | D:3      | Reached skill level 1 in Maces & Flails
   554 | D:3      | Reached skill level 1 in Polearms
   554 | D:3      | Reached skill level 1 in Staves
   554 | D:3      | Reached skill level 1 in Slings
   554 | D:3      | Reached skill level 1 in Bows
   554 | D:3      | Reached skill level 1 in Crossbows
   554 | D:3      | Reached skill level 1 in Throwing
   554 | D:3      | Reached skill level 1 in Armour
   554 | D:3      | Reached skill level 1 in Stealth
   554 | D:3      | Reached skill level 1 in Shields
   554 | D:3      | Reached skill level 5 in Spellcasting
   554 | D:3      | Reached skill level 1 in Conjurations
   554 | D:3      | Reached skill level 1 in Hexes
   554 | D:3      | Reached skill level 1 in Charms
   554 | D:3      | Reached skill level 1 in Summonings
   554 | D:3      | Reached skill level 1 in Necromancy
   554 | D:3      | Reached skill level 1 in Translocations
   554 | D:3      | Reached skill level 1 in Fire Magic
   554 | D:3      | Reached skill level 1 in Ice Magic
   554 | D:3      | Reached skill level 1 in Air Magic
   554 | D:3      | Reached skill level 1 in Earth Magic
   554 | D:3      | Reached skill level 1 in Poison Magic
   554 | D:3      | Reached skill level 1 in Invocations
   554 | D:3      | Reached skill level 1 in Evocations
   554 | D:3      | Reached XP level 3. HP: 16/28 MP: 0/9
   554 | D:3      | Reached XP level 4. HP: 20/34 MP: 0/11
   554 | D:3      | Reached XP level 5. HP: 23/40 MP: 0/12
   559 | D:3      | Learned a level 3 spell: Spider Form
   564 | D:3      | Learned a level 4 spell: Ice Form
   625 | D:3      | Reached skill level 3 in Fighting
   638 | D:2      | Reached skill level 4 in Transmutations
   831 | D:3      | Found an opulent altar of Gozag.
   896 | D:4      | Noticed hpc's ghost (amateur MiFi)
   905 | D:4      | Killed hpc's ghost
   905 | D:4      | Reached skill level 2 in Short Blades
   905 | D:4      | Reached skill level 2 in Long Blades
   905 | D:4      | Reached skill level 2 in Axes
   905 | D:4      | Reached skill level 2 in Maces & Flails
   905 | D:4      | Reached skill level 2 in Polearms
   905 | D:4      | Reached skill level 2 in Staves
   905 | D:4      | Reached skill level 2 in Slings
   905 | D:4      | Reached skill level 2 in Bows
   905 | D:4      | Reached skill level 2 in Crossbows
   905 | D:4      | Reached skill level 2 in Throwing
   905 | D:4      | Reached skill level 2 in Armour
   905 | D:4      | Reached skill level 5 in Dodging
   905 | D:4      | Reached skill level 2 in Stealth
   905 | D:4      | Reached skill level 2 in Shields
   905 | D:4      | Reached skill level 2 in Invocations
   905 | D:4      | Reached skill level 2 in Evocations
   905 | D:4      | Reached XP level 6. HP: 36/47 MP: 10/14
   980 | D:4      | Learned a level 3 spell: Mephitic Cloud
  1112 | D:4      | Found a staircase to the Ecumenical Temple.
  1128 | Temple   | Entered the Ecumenical Temple
  1140 | Temple   | Became a worshipper of Cheibriados the Contemplative
  1222 | D:5      | Entered Level 5 of the Dungeon
  1297 | D:5      | Reached XP level 7. HP: 39/52 MP: 5/15
  1302 | D:5      | Found a sparkling altar of Nemelex Xobeh.
  1422 | D:5      | Found a shadowy altar of Dithmenos.
  1494 | D:5      | Reached skill level 7 in Unarmed Combat
  1519 | D:5      | Noticed Eustachio
  1540 | D:5      | Killed Eustachio
  1540 | D:5      | Reached skill level 2 in Conjurations
  1540 | D:5      | Reached skill level 2 in Hexes
  1540 | D:5      | Reached skill level 2 in Charms
  1540 | D:5      | Reached skill level 2 in Summonings
  1540 | D:5      | Reached skill level 2 in Necromancy
  1540 | D:5      | Reached skill level 2 in Translocations
  1540 | D:5      | Reached skill level 2 in Fire Magic
  1540 | D:5      | Reached skill level 2 in Ice Magic
  1540 | D:5      | Reached skill level 2 in Air Magic
  1540 | D:5      | Reached skill level 2 in Earth Magic
  1540 | D:5      | Reached skill level 2 in Poison Magic
  1588 | D:5      | Noticed Ijyb
  1593 | D:5      | Killed Ijyb
  1700 | D:6      | Noticed Grinder
  1703 | D:6      | Killed Grinder
  1703 | D:6      | Reached skill level 3 in Invocations
  1703 | D:6      | Reached XP level 8. HP: 26/60 MP: 16/16
  1727 | D:7      | Reached * piety under Cheibriados
  1727 | D:7      | Reached skill level 4 in Fighting
  1737 | D:7      | Reached skill level 3 in Short Blades
  1737 | D:7      | Reached skill level 3 in Long Blades
  1737 | D:7      | Reached skill level 3 in Axes
  1737 | D:7      | Reached skill level 3 in Maces & Flails
  1737 | D:7      | Reached skill level 3 in Polearms
  1737 | D:7      | Reached skill level 3 in Staves
  1737 | D:7      | Reached skill level 3 in Slings
  1737 | D:7      | Reached skill level 3 in Bows
  1737 | D:7      | Reached skill level 3 in Crossbows
  1737 | D:7      | Reached skill level 3 in Throwing
  1737 | D:7      | Reached skill level 3 in Armour
  1737 | D:7      | Reached skill level 3 in Stealth
  1737 | D:7      | Reached skill level 3 in Shields
  1737 | D:7      | Reached skill level 3 in Evocations
  1743 | D:7      | Found a hide-covered altar of Uskayaw.
  1767 | D:6      | Reached skill level 6 in Spellcasting
  1818 | D:7      | Noticed a dagger
  1818 | D:7      | Noticed a dagger
  1831 | D:7      | HP: 1/90 [orc priest/divine providence (15)]
  1838 | D:7      | Slain by an orc warrior

Skill      XL: |  1  2  3  4  5  6  7  8 |
---------------+-------------------------+-----
Short Blades   | 1 2 3 |  3.3
Long Blades    | 1 2 3 |  3.3
Axes           | 1 2 3 |  3.3
Maces & Flails | 1 2 3 |  3.3
Polearms       | 1 2 3 |  3.3
Staves         | 1 2 3 |  3.3
Slings         | 1 2 3 |  3.3
Bows           | 1 2 3 |  3.3
Crossbows      | 1 2 3 |  3.3
Throwing       | 1 2 3 |  3.3
Armour         | 1 2 3 |  3.3
Stealth        | 1 2 3 |  3.3
Shields        | 1 2 3 |  3.3
Spellcasting   | 5 6 |  6.0
Conjurations   | 1 2 |  2.6
Hexes          | 1 2 |  2.6
Charms         | 1 2 |  2.6
Summonings     | 1 2 |  2.6
Necromancy     | 1 2 |  2.6
Translocations | 1 2 |  2.6
Fire Magic     | 1 2 |  2.6
Ice Magic      | 1 2 |  2.6
Air Magic      | 1 2 |  2.6
Earth Magic    | 1 2 |  2.6
Poison Magic   | 1 2 |  2.6
Invocations    | 1 2 3 |  3.6
Evocations     | 1 2 3 |  3.3
Fighting       | 3 4 |  4.2
Transmutations | 4 |  4.7
Dodging        | 5 |  5.7
Unarmed Combat | 7 |  7.4

Action                   |  1- 3 |  4- 6 |  7- 9 || total
-------------------------+-------+-------+-------++-------
Melee: Unarmed           |    45 |    57 |    67 ||   169
       Bite              |     2 |       |       ||     2
       Kick              |     1 |       |       ||     1
       Headbutt          |     1 |       |       ||     1
       Dagger            |       |       |     6 ||     6
       Punch             |       |       |     1 ||     1
 Cast: Beastly Appendage |     6 |     1 |       ||     7
       Sticks to Snakes  |     3 |     3 |     9 ||    15
       Spider Form       |       |    16 |    12 ||    28
 Abil: End Transformatio |       |     1 |       ||     1
Evoke: Wand              |       |     5 |     5 ||    10
  Use: Potion            |     3 |       |     2 ||     5
       Scroll            |       |     8 |     1 ||     9
 Stab: Sleeping          |       |     4 |     2 ||     6
       Distracted        |       |       |     1 ||     1
  Eat: Chunk             |       |     2 |       ||     2
       Ration            |       |       |     1 ||     1
Armor: Robe              |     3 |       |       ||     3
       Skin              |     6 |     2 |    10 ||    18
Dodge: Dodged            |    39 |    46 |    44 ||   129

Table legend:
 A = Turns spent in this place as a percentage of turns spent in the entire game.
 B = Non-inter-level travel turns spent in this place as a percentage of non-inter-level travel turns spent in the entire game.
 C = Inter-level travel turns spent in this place as a percentage of turns spent in this place.
 D = Turns resting spent in this place as a percentage of non-inter-level travel turns spent in this place.
 E = Turns spent auto-exploring this place as a percentage of non-inter-level travel turns spent in this place.
 F = Non-inter-level travel turns spent in this place divided by the number of levels of this place that you've seen.
                   A       B       C       D       E      F
               +-------+-------+-------+-------+-------+----------------------
         Total | 100.0 | 100.0 |   0.4 |   0.0 |   0.0 | 228.8
       Dungeon |  98.8 |  99.2 |   0.0 |   0.0 |   0.0 | 259.4
        Temple |   1.2 |   0.8 |  36.4 |   0.0 |   0.0 |  14.0
               +-------+-------+-------+-------+-------+----------------------

Table legend:
 A = Kills in this place as a percentage of kills in entire the game.
 B = Kills by you in this place as a percentage of kills by you in the entire game.
 C = Kills by friends in this place as a percentage of kills by friends in the entire game.
 D = Other kills in this place as a percentage of other kills in the entire game.
 E = Experience gained in this place as a percentage of experience gained in the entire game.
 F = Experience gained in this place divided by the number of levels of this place that you have seen.
                   A       B       C       D       E      F
               +-------+-------+-------+-------+-------+----------------------
         Total | 100.0 | 100.0 | 100.0 |   N/A | 100.0 | 227.2
       Dungeon | 100.0 | 100.0 | 100.0 |   N/A | 100.0 | 259.7
               +-------+-------+-------+-------+-------+----------------------

Vault maps used:
D:1:      matt_arrival_spirals, minmay_misc_feat_plants
D:2:      wad_river_or_something, first_ration, nrook_mini_backslash,
          uniq_jessica
D:3:      grunt_temple_overflow_open, nicolae_gozag_seed_capital
D:4:      minivault_4, uniq_natasha
D:5:      lemuel_round_altar, grunt_dithmenos_smoke, uniq_eustachio, uniq_ijyb
D:6:      grunt_ministairs_8, serial_bayou_ford_a, trog_three_pillars_becter,
          uniq_grinder
D:7:      dancing_weapons_uskayaw, serial_shops, nicolae_shop_crystal,
          hex_intersection, nemelex_spade_bored_becter
Temple:   hc_temple_tempest_star
